 Dungeon Crawl Stone Soup version 0.29-a0-241-g20d21d4356 (webtiles) character file.

Game seed: 6940425204705162629

2 Ordine the Grasshopper (level 1, 0/12 HPs)
             Began as a Tengu Warper on Mar 4, 2022.
             Slain by a hobgoblin (4 damage)
             ... on level 1 of the Dungeon.
             The game lasted 00:00:34 (41 turns).

Ordine the Grasshopper (Tengu Warper)                 Turns: 41, Time: 00:00:35

Health: 0/12       AC:  3    Str: 11    XL:     1   Next: 40%
Magic:  4/4        EV: 11    Int: 13    God:
Gold:   10         SH:  0    Dex: 13    Spells: 4/4 levels left

rFire   . . .      SeeInvis .   a - +0 mace
rCold   . . .      Faith    .   (no shield)
rNeg    . . .      Spirit   .   b - +0 leather armour
rPois   .          Reflect  .   (helmet restricted)
rElec   .          Harm     .   (no cloak)
rCorr   .          Rampage  .   (no gloves)
Will    .....                   (boots unavailable)
Stlth   +.........              (no amulet)
HPRegen 0.04/turn               (no ring)
MPRegen 0.09/turn               (no ring)

@: no status effects
A: beak, talons 3
a: no special abilities


You were on level 1 of the Dungeon.
You visited 1 branch of the dungeon, and saw 1 of its levels.

You collected 10 gold pieces.

Inventory:

Hand Weapons
 a - a +0 mace (weapon)
Missiles
 d - 5 boomerangs of dispersal
Armour
 b - a +0 leather armour (worn)
Jewellery
 e - a ring of see invisible
Scrolls
 c - a scroll of blinking


   Skills:
 + Level 2.0 Fighting
 * Level 2.3 Maces & Flails
 + Level 1.1 Throwing
 - Level 1.1 Armour
 - Level 2.1 Dodging
 - Level 2.0 Spellcasting
 - Level 2.4 Translocations


You had 4 spell levels left.
You didn't know any spells.
Your spell library contained the following spells:

 Spells                   Type           Power      Damage    Failure   Level
 Blink                    Tloc           14%        N/A       19%         2
 Gell's Gravitas          Tloc           7%         N/A       36%         3
 Lesser Beckoning         Tloc           7%         N/A       36%         3
 Teleport Other           Tloc           7%         N/A       36%         3
 Manifold Assault         Tloc           7%         N/A       98%         5


Dungeon Overview and Level Annotations

Branches:
Dungeon (1/15)

Altars:


Innate Abilities, Weirdness & Mutations

You have a beak for a mouth.
You have claws for feet.


Message History

Setting a skill training target for Throwing at 12.0.
Clearing quiver.
You enter the shallow water.
Moving in this stuff is going to be slow.
e - a ring of see invisible You now have 10 gold pieces.
A hobgoblin comes into view.
The hobgoblin shouts!
You hear a shout!
You hear a bark!
A hobgoblin comes into view.
Found a blue potion and a glowing brown potion.
You hit the hobgoblin but do no damage. The hobgoblin hits you.
A hobgoblin comes into view.
The hobgoblin hits you.
You barely miss the hobgoblin.
The hobgoblin shouts!
Your kick misses the hobgoblin.
You hear a bark!
The hobgoblin hits you.
You sock the hobgoblin!
You kill the hobgoblin!
You hit the hobgoblin but do no damage.
A jackal comes into view.
The hobgoblin misses you.
The hobgoblin hits you but does no damage.
You hit the hobgoblin but do no damage.
You claw the hobgoblin, but do no damage.
Your peck misses the hobgoblin.
A jackal comes into view.
The hobgoblin misses you.
The jackal barks!
You hit the hobgoblin. Your kick misses the hobgoblin. You peck the hobgoblin.
You kill the hobgoblin!
The hobgoblin hits you.
You are too injured to fight recklessly!
You hit the hobgoblin. You claw the hobgoblin.
You peck the hobgoblin, but do no damage.
The hobgoblin is heavily wounded.
A goblin comes into view. It is wielding a +0 dagger.
The hobgoblin hits you.
You die...

. .. ..! ....
....!
######......
#..@ghh.....
#.#####.....
######.#### .g#
#.........# .
#..#......# ..
#......##.###...
#..............
#.....####....#
#..##.........#


You could see 2 jackals, a hobgoblin and a goblin (wandering).

Vanquished Creatures
  2 hobgoblins (D:1)
2 creatures vanquished.

Notes
Turn   | Place    | Note
-------+----------+-------------------------------------------
     0 | D:1      | Ordine the Tengu Warper began the quest for the Orb.
     0 | D:1      | Reached XP level 1. HP: 12/12 MP: 4/4
    41 | D:1      | Slain by a hobgoblin

Illustrated notes

Levels and vault maps discovered:
D:1:      dpeg_arrival_more_subterranean_lakeside_camping, layout_rooms,
          minmay_split_cup_large

Action                   || total
-------------------------++-------
Melee: Mace              ||     7
       Kick              ||     2
       Peck              ||     2
Armor: Leather armour    ||     1
Dodge: Dodged            ||     2

Table legend: (Time is in decaauts)
 A = Elapsed time spent in this place.
 B = Non-inter-level travel time spent in this place.
 C = Inter-level travel time spent in this place.
 D = Time resting spent in this place.
 E = Time spent auto-exploring this place.
 F = Levels seen in this place.
 G = Mean time per level.
                   A        B        C        D        E       F      G
               +--------+--------+--------+--------+--------+-----+--------+
         Total |     43 |     43 |      0 |      0 |     29 |   1 |   43.0 |
       Dungeon |     43 |     43 |      0 |      0 |     29 |   1 |   43.0 |
               +--------+--------+--------+--------+--------+-----+--------+

Top non-repeatable levels by time:
     D:1: 43 daAuts
